 Dungeon Crawl Stone Soup version 0.29.0-15-g675c0067aa (webtiles) character file.

Game seed: 3984566166187070017

40 qw the Sneak (level 3, -1/23 HPs)
             Began as a Gargoyle Delver on Sept 11, 2022.
             Slain by a black bear (7 damage)
             ... on level 5 of the Dungeon.
             The game lasted 00:00:04 (296 turns).

qw the Sneak (Gargoyle Delver)                       Turns: 296, Time: 00:00:05

Health: -1/23      AC:  6    Str: 17    XL:     3   Next: 50%
Magic:  3/3        EV: 11    Int: 10    God:
Gold:   0          SH:  0    Dex: 11    Spells: 2/2 levels left

rFire   . . .      SeeInvis .   a - +0 hand axe
rCold   . . .      Faith    .   (no shield)
rNeg    + . .      Spirit   .   b - +0 leather armour
rPois   inf        Reflect  .   (no helmet)
rElec   +          Harm     .   (no cloak)
rCorr   .          Rampage  .   (no gloves)
Will    .....                   (no boots)
Stlth   +++.......              (no amulet)
HPRegen 0.07/turn               (no ring)
MPRegen 0.08/turn               (no ring)

@: no status effects
A: sickness immunity, AC +3, negative energy resistance 1, electricity
resistance, torment resistance 1, petrification resistance
a: no special abilities


You were on level 5 of the Dungeon.
You visited 1 branch of the dungeon, and saw 1 of its levels.


Innate Abilities, Weirdness & Mutations

You are immune to sickness and miasma.
Your stone body is resilient. (AC +3)
You are immune to poison.
You resist negative energy. (rN+)
You are resistant to electric shocks. (rElec)
You are resistant to unholy torment.
You are immune to petrification.


   Skills:
 - Level 3.2 Fighting
 + Level 3.4 Axes
 - Level 1.5 Dodging
 - Level 5.4 Stealth


You had 2 spell levels left.
You didn't know any spells.
Your spell library was empty.

Inventory:

Hand Weapons
 a - a +0 hand axe (weapon)
Armour
 b - a +0 leather armour (worn)
Wands
 g - a wand of digging (3)
Scrolls
 c - a scroll of fog
 d - a scroll of magic mapping
 e - a scroll of fear
Potions
 f - a potion of haste
 h - a potion of lignification {unknown}

Dungeon Overview and Level Annotations

Branches:
Dungeon (5/15)
 Temple: D:4-7

Altars:


Message History

The orc is heavily wounded.
The orc closely misses you.
The black bear growls angrily.
You hit the orc but do no damage.
The orc is heavily wounded.
The orc hits you with a +0 falchion.
You hit the orc but do no damage.
The orc is heavily wounded.
You barely miss the scorpion. You barely miss the orc. The scorpion stings you.
The orc hits you with a +0 dagger. The orc hits you with a +0 falchion!
The scorpion misses you.
You hit the orc.
The orc is severely wounded.
You hit the orc. You hit the scorpion. The scorpion closely misses you.
The orc closely misses you. x2
You barely miss the orc.
The orc is severely wounded.
You hit the scorpion. You hit the orc.
The scorpion stings you but does no damage.
The orc hits you with a +0 dagger. The orc hits you with a +0 falchion.
The scorpion misses you.
You slash the orc!
You kill the orc!
You hit the scorpion. You barely miss the orc.
The orc hits you but does no damage.
The scorpion stings you but does no damage.
You hit the scorpion.
The scorpion is severely wounded.
You hit the black bear but do no damage.
You hit the orc. The orc hits you but does no damage.
The black bear closely misses you. x2
The black bear barely misses you. The scorpion barely misses you.
You hit the scorpion but do no damage.
The scorpion is severely wounded.
You hit the orc.
You kill the orc!
You barely miss the black bear.
You hear a shout!
The black bear bites you!
You die...

.....### ##.## .)
....(.# #..# ! ..h
#.....# #.## ..h..o
#..... ##.#####
.....o##..#.####..>...#
....s..#..#.##........#
........o....#...%....#
......##o.............#
......s@)...#.#..######
.#.#.#h#......#..#
................#
.#.#.#.#........#
................#
.#.#.#.#.#..###..# .
.........# #..#
#.#.#.#.#.# .... .. .#


You could see a black bear, a scorpion and 2 orcs.

Vanquished Creatures
  A jelly (D:5)
  An adder (D:5)
  2 orcs (D:5)
4 creatures vanquished.

Notes
Turn   | Place    | Note
-------+----------+-------------------------------------------
     0 | D:5      | qw the Gargoyle Delver began the quest for the Orb.
     0 | D:5      | Reached XP level 1. HP: 14/14 MP: 1/1
     0 | D:5      | 0 ||| qw: Version: 0.1-a-117-gfe26ee0
     0 | D:5      | 0 ||| qw: Game counter: 10128
     0 | D:5      | 0 ||| qw: Always use a shield: true
     0 | D:5      | 0 ||| qw: God list: Okawaru
     0 | D:5      | 0 ||| qw: Allow faded altars: false
     0 | D:5      | 0 ||| qw: Do Orc after D:15 true
     0 | D:5      | 0 ||| qw: Do second Lair branch before Depths: true
     0 | D:5      | 0 ||| qw: Lair rune preference: random
     0 | D:5      | 0 ||| qw: Plans: Normal
     0 | D:5      | 0 ||| PLANNING D:1-11
    37 | D:5      | Reached XP level 2. HP: 12/19 MP: 2/2
   156 | D:5      | Reached skill level 3 in Axes
   156 | D:5      | Reached XP level 3. HP: 13/23 MP: 3/3
   283 | D:5      | Noticed a scorpion
   284 | D:5      | 284 ||| Stepping ~*~*~tactically~*~*~ (stealth).
   285 | D:5      | 285 ||| Stepping ~*~*~tactically~*~*~ (stealth).
   285 | D:5      | Noticed a black bear
   286 | D:5      | 286 ||| Stepping ~*~*~tactically~*~*~ (stealth).
   287 | D:5      | 287 ||| Stepping ~*~*~tactically~*~*~ (stealth).
   288 | D:5      | 288 ||| Stepping ~*~*~tactically~*~*~ (stealth).
   296 | D:5      | Slain by a black bear

Levels and vault maps discovered:
D:5:      layout_rooms, hellmonk_ghost_happy_afterlife, hex_large

Skill      XL: |  1  2 |
---------------+-------+-----
Axes           | 2 3 |  3.4
Fighting       | |  3.2
Dodging        | |  1.5
Stealth        | |  5.4

Action                   || total
-------------------------++-------
Melee: Hand axe          ||    18
Armor: Leather armour    ||     7
Dodge: Dodged            ||    15

Table legend:
 A = Non-vault XP
 B = Vault XP
 C = Vault XP percentage of total XP
 D = Non-vault monster count
 E = Vault monster count
 F = Vault count percentage of total count
                 A         B        C        D         E       F
            +---------+---------+-------+---------+---------+-------
      Total |      61 |       0 |   0.0 |       4 |       0 |   0.0
            +---------+---------+-------+---------+---------+-------
        D:5 |      61 |       0 |   0.0 |       4 |       0 |   0.0
            +---------+---------+-------+---------+---------+-------
